cohdb
Replays
Latest Replays
All Replays
Popular Replays
Top Player Replays
Match Explorer
How It Works
Community
CoH3 Stats
Reddit
Sign in to upload your games and track your stats! →
Sign in with Steam
Match 41908588
Unlisted
Match 41908588
Overview
Messages
Build Orders
End
Construct Infanterie Kompanie
MG 42 Machine Gun Team
Grenadier Squad
Grenadier Squad
Medical Station
Infanterie Officer Quarters
Selects Mechanized Battlegroup
Selects Spotting Scopes
Construct Luftwaffe Kompanie
221 Scout Car
Luftwaffe Officer Quarters
Construct Panzergrenadier Kompanie
Pak 40 Anti-tank Gun Team
Selects Raid Package
Panzergrenadier Squad
Selects StuG Assault Group
StuG Assault Group
Construct Panzer Kompanie
Selects UNKNOWN (2160084)
Panther Heavy Tank
251 Medium Carrier
Call Me ET
Sisman
Surancha
Abeli
姫宮真歩
没头脑和不高兴
?
CPU - VERY EASY
0
0
Comments
sign in to comment!
No comments posted yet!